 Dungeon Crawl Stone Soup version 0.28.0 (console) character file.

Game seed: 10267752302162132340

5574 Cab the Spear-Bearer (level 10, -9/70 HPs)
             Began as a Demonspawn Fighter on Feb 13, 2022.
             Was a Priest of Cheibriados.
             Killed from afar by Erolcha (25 damage)
             ... with a fireball
             ... on level 9 of the Dungeon.
             The game lasted 00:32:15 (8955 turns).

Cab the Spear-Bearer (Demonspawn Fighter)           Turns: 8955, Time: 00:32:15

Health: -9/70      AC: 14    Str: 34    XL:     10   Next: 44%
Magic:  0/11       EV:  9    Int: 16    God:    Cheibriados [***...]
Gold:   615        SH:  9    Dex: 19    Spells: 9/9 levels left

rFire   . . .      SeeInvis .   m - +7 spear "Ororgh" {venom, Str+5}
rCold   . . .      Faith    .   c - +0 buckler
rNeg    . . .      Spirit   +   j - +0 plate armour
rPois   .          Reflect  .   (helmet restricted)
rElec   .          Harm     .   w - +0 cloak
rCorr   .          Rampage  .   d - +0 pair of gloves
Will    .....                   o - +0 pair of boots
Stlth   ..........              n - amulet of guardian spirit
HPRegen 0.21/turn               (no ring)
MPRegen 0.12/turn               (no ring)

@: studying 2 skills, very slow
A: horns 1, large bone plates 1, demonic guardian 3, spiny 2
a: Renounce Religion, Bend Time, Temporal Distortion


You were on level 9 of the Dungeon.
You worshipped Cheibriados.
Cheibriados was most pleased with you.
You visited 1 branch of the dungeon, and saw 9 of its levels.

You collected 615 gold pieces.

Inventory:

Hand Weapons
 a - a +1 war axe
 m - the +7 spear "Ororgh" (weapon) {venom, Str+5}
   (You took it off a gnoll on level 4 of the Dungeon)

   It poisons the flesh of those it strikes.
   Str:       It affects your strength (+5).
 t - the +5 trident of Insufficient Pleasure {vorpal, *Noise rCorr Dex+4}
   (You found it on level 5 of the Dungeon)

   It inflicts extra damage upon your enemies.
   Dex:       It affects your dexterity (+4).
   *Noise:    It may make noises in combat.
   rCorr:     It protects you from acid and corrosion.
Missiles
 q - a throwing net (quivered)
Armour
 c - a +0 buckler (worn)
 d - a +0 pair of gloves (worn)
 j - a +0 plate armour (worn)
 o - a +0 pair of boots (worn)
 w - a +0 cloak (worn)
Jewellery
 g - a ring of flight
 n - an amulet of guardian spirit (around neck)
 p - an amulet of faith
 s - a ring of fire
 u - an amulet of reflection
Wands
 k - a wand of paralysis (13)
 l - a wand of mindburst (23)
 y - a wand of iceblast (7)
Scrolls
 b - 2 scrolls of amnesia {unknown}
 e - a scroll of blinking {unknown}
 f - a scroll of identify
 i - 2 scrolls of brand weapon
 r - 2 scrolls of vulnerability {unknown}
 v - a scroll of magic mapping {unknown}
Potions
 h - 2 potions of lignification
 z - a potion of flight


   Skills:
 - Level 3.0 Fighting
 - Level 8.3(11.0) Axes
 * Level 11.4(12.5) Polearms
 - Level 2.6 Armour
 + Level 3.2 Dodging
 - Level 2.6 Shields
 + Level 2.3 Invocations


You had 9 spell levels left.
You didn't know any spells.
Your spell library contained the following spells:

 Spells                   Type           Power      Damage    Failure   Level
 Sandblast                Erth           0%         2d4       96%         1
 Passwall                 Tmut/Erth      0%         N/A       99%         2
 Inner Flame              Hex/Fire       0%         N/A       100%        3
 Portal Projectile        Hex/Tloc       0%         N/A       100%        3
 Stone Arrow              Conj/Erth      0%         3d7       100%        3
 Cause Fear               Hex            0%         N/A       100%        4
 Blade Hands              Tmut           0%         N/A       100%        5
 Excruciating Wounds      Necr           0%         N/A       100%        5
 Discord                  Hex            0%         N/A       100%        8


Dungeon Overview and Level Annotations

Branches:
Dungeon (9/15)             Temple (0/1) D:5            Lair (0/6) D:8
    Orc: D:9-12

Altars:
Cheibriados
Dithmenos
Fedhas
Makhleb
Nemelex Xobeh
Uskayaw
Vehumet
Zin

Annotations:
D:9 2 transporters, Erolcha


Innate Abilities, Weirdness & Mutations

You have a pair of small horns on your head.
You are partially covered in large bone plates. (SH +4)
A powerful demonic guardian rushes to your aid.
You are mostly covered in sharp spines.


Message History

There is a transporter here.
The slime creature jiggles.
Found a sparkling altar of Nemelex Xobeh.
Found a stone staircase leading down.
Found 9 arrows.
Erolcha the Cunning comes into view.
She is wielding a +1 spectral giant club.
Erolcha shouts!
Erolcha drinks a potion.
Erolcha suddenly seems more resistant.
Erolcha casts a spell.
Erolcha blinks!
Erolcha moves out of view.
Unknown command.
Erolcha is nearby!
Erolcha casts a spell.
Erolcha flickers and vanishes!
Deactivating autopickup; reactivate with Ctrl-A.
No target in view!
You hit something. Your headbutt misses something. You hit something.
Your headbutt misses something. Something hits you!!
You hit something. You headbutt something! You block something's attack.
You miss something. You hit something but do no damage. You headbutt something.
You hear some strange, mumbled words.
You block something's attack. Something hits you!!
A demonic guardian appears!
Something hits you! Something hits you!!
* * * LOW HITPOINT WARNING * * *
You swap places.
Something closely misses your smoke demon.
Something hits your smoke demon!
You hear some strange, mumbled words.
A fireball appears from out of thin air!
The fireball explodes!
The fireball engulfs you but does no damage.
The fireball engulfs your smoke demon.
Your smoke demon resists.
You feel much better. Something hits you. Something hits you!
You hear some strange, mumbled words.
A fireball appears from out of thin air!
The fireball explodes!
The fireball engulfs you!!
You die...

∙ ∙▒ ▒∙ ∙▒▒ ▒∙▒
▒▒∙▒▒▒ ∙▒ ∙∙∙
▒∙∙∙∙ ∙ ▒▒▒∙▒
▒∙∙▒ ∙▒ ∙∙▒
▒∙∙∙∙▒▒∙∙▒▒▒▒∙▒▒▒
∙∙∙
▒∙∙∙∙∙3∙∙∙∙∙∙∙∙
∙▒▒
▒∙∙∙∙{∙@∙∙∙∙▒▒▒
∙∙ ▒∙∙∙∙∙∙▒▒▒▒▒▒
∙∙∙ ∙∙∙∙∙▒▒∙▒▒
▒∙▒▒ ▒▒▒∙ ▒∙▒
▒∙▒∙ ▒ ▒∙▒ ▒∙▒∙
▒∙▒ ▒∙∙∙ ▒∙▒
▒▒▒▒▒∙ ▒▒∙(▒▒∙▒
▒▒▒▒▒∙▒▒▒∙
∙∙∙∙▒▒∙▒
▒▒∙∙∙∙∙∙▒▒∙


You could see a friendly smoke demon (summoned).

Vanquished Creatures
  2 two-headed ogres
  A cyclops (D:7)
  A troll (D:9)
  Prince Ribbit (D:5)
  A hornet (D:8)
  The ghost of derockmon1 the Chopper, an amateur HOBe of Trog (D:4)
  A steam dragon (D:6)
  A water moccasin (D:5)
  A black bear (D:8)
  A sky beast (D:4)
  An orc warrior (D:9)
  An ice beast (D:6)
  An ogre (D:5)
  4 necrophages (D:4)
  2 centaurs
  2 bullfrogs (D:8)
  2 scorpions (D:6)
  A wyvern skeleton (D:7)
  2 water moccasin zombies
  7 killer bees (D:7)
  4 wights
  3 jellies
  4 hounds
  2 centaur skeletons
  A bullfrog skeleton (D:5)
  A gnoll shaman (D:6)
  2 iguanas
  9 orc wizards
  Natasha (thrice) (D:3)
  A hound zombie (D:4)
  A hound skeleton (D:2)
  A howler monkey zombie (D:4)
  15 gnolls
  12 adders
  A shadow imp (D:8)
  An adder zombie (D:4)
  An adder skeleton (D:4)
  2 worms
  3 dart slugs
  12 orcs
  6 endoplasms
  6 giant cockroaches
  5 goblins
  4 hobgoblins
  3 jackals
  11 kobolds
  4 quokkas
  3 ball pythons
  3 frilled lizards
  7 rats
165 creatures vanquished.

Vanquished Creatures (collateral kills)
  An acid dragon (D:9)
  A water moccasin (D:3)
2 creatures vanquished.

Vanquished Creatures (others)
  2 bushes (D:4)
  16 plants
18 creatures vanquished.

Grand Total: 185 creatures vanquished

Notes
Turn   | Place    | Note
-------+----------+-------------------------------------------
     0 | D:1      | Cab the Demonspawn Fighter began the quest for the Orb.
     0 | D:1      | Reached XP level 1. HP: 18/18 MP: 1/1
   199 | D:1      | Gained mutation: You are partially covered in sharp spines.
                  | [demonic ancestry]
   199 | D:1      | Reached XP level 2. HP: 24/24 MP: 2/2
   203 | D:1      | Found a faded altar of an unknown god.
   479 | D:1      | You fall into a shaft and drop 1 floor!
   504 | D:2      | Gained mutation: A weak demonic guardian rushes to your
                  | aid. [demonic ancestry]
   504 | D:2      | Reached XP level 3. HP: 29/29 MP: 3/3
  1017 | D:1      | Gained mutation: You are mostly covered in sharp spines.
                  | [demonic ancestry]
  1017 | D:1      | Reached XP level 4. HP: 35/35 MP: 4/4
  1640 | D:3      | Noticed a centaur
  1684 | D:3      | Noticed Natasha
  1698 | D:3      | Killed Natasha
  1984 | D:3      | Gained mutation: A demonic guardian rushes to your aid.
                  | [demonic ancestry]
  1984 | D:3      | Reached XP level 5. HP: 41/41 MP: 5/5
  2031 | D:3      | Reached skill level 5 in Axes
  2031 | D:3      | Noticed a water moccasin
  2051 | D:3      | Killed a water moccasin
  2052 | D:3      | Gained mutation: A powerful demonic guardian rushes to your
                  | aid. [demonic ancestry]
  2052 | D:3      | Reached XP level 6. HP: 11/47 MP: 6/6
  2350 | D:3      | Found a snail-covered altar of Cheibriados.
  2375 | D:3      | Became a worshipper of Cheibriados the Contemplative
  2445 | D:3      | Noticed Natasha
  2457 | D:3      | Killed Natasha
  2467 | D:3      | Noticed Natasha
  2474 | D:3      | Killed Natasha
  2608 | D:4      | Found a transporter.
  2608 | D:4      | Found a transporter.
  2743 | D:4      | Gained mutation: You have a pair of small horns on your
                  | head. [demonic ancestry]
  2743 | D:4      | Reached XP level 7. HP: 45/52 MP: 7/7
  2746 | D:4      | Reached * piety under Cheibriados
  3470 | D:4      | Noticed derockmon1's ghost (amateur HOBe)
  3553 | D:4      | Reached skill level 1 in Invocations
  3600 | D:4      | Identified the +7 spear "Ororgh" {venom, Str+5}
  3830 | D:4      | Killed derockmon1's ghost
  3831 | D:4      | Reached skill level 2 in Polearms
  3831 | D:4      | Gained mutation: You are partially covered in large bone
                  | plates. (SH +4) [demonic ancestry]
  3831 | D:4      | Reached XP level 8. HP: 17/58 MP: 4/9
  4172 | D:4      | Found a blossoming altar of Fedhas.
  4231 | D:4      | Reached skill level 3 in Polearms
  4231 | D:4      | Reached skill level 1 in Dodging
  4251 | D:4      | Reached skill level 4 in Polearms
  4450 | D:5      | Entered Level 5 of the Dungeon
  4562 | D:5      | Reached skill level 5 in Polearms
  4773 | D:5      | Noticed Prince Ribbit
  4779 | D:5      | Killed Prince Ribbit
  4780 | D:5      | Reached skill level 6 in Polearms
  4997 | D:5      | Identified the +5 trident of Insufficient Pleasure {vorpal,
                  | *Noise rCorr Dex+4}
  5001 | D:5      | Reached ** piety under Cheibriados
  5002 | D:5      | Reached XP level 9. HP: 56/63 MP: 10/10
  5077 | D:5      | Found a burning altar of Makhleb.
  5077 | D:5      | Noticed a balrug
  5389 | D:5      | Found a staircase to the Ecumenical Temple.
  5772 | D:6      | Reached skill level 7 in Polearms
  6488 | D:6      | Reached skill level 8 in Polearms
  7303 | D:7      | Noticed a cyclops
  7321 | D:7      | Killed a cyclops
  7322 | D:7      | Reached skill level 9 in Polearms
  7865 | D:8      | Noticed a +0 dagger
  7865 | D:8      | Noticed a +0 short sword
  7866 | D:8      | Noticed a +0 spear
  7866 | D:8      | Noticed a +0 spear
  7866 | D:8      | Noticed a +0 dagger
  7866 | D:8      | Noticed a +0 falchion
  7866 | D:8      | Noticed a +0 falchion
  7867 | D:8      | Noticed a +0 short sword
  7875 | D:8      | Found a hide-covered altar of Uskayaw.
  7892 | D:8      | Found a radiant altar of Vehumet.
  7964 | D:8      | Reached *** piety under Cheibriados
  7965 | D:8      | Reached skill level 10 in Polearms
  7973 | D:8      | Noticed a two-headed ogre
  7986 | D:8      | Killed a two-headed ogre
  7987 | D:8      | Reached XP level 10. HP: 51/70 MP: 8/11
  8163 | D:8      | Found a staircase to the Lair.
  8195 | D:8      | Found a shadowy altar of Dithmenos.
  8791 | D:9      | Noticed a two-headed ogre
  8798 | D:9      | Killed a two-headed ogre
  8799 | D:9      | Reached skill level 11 in Polearms
  8799 | D:9      | Found a transporter.
  8802 | D:9      | Noticed a frost giant
  8802 | D:9      | Noticed a boulder beetle
  8895 | D:9      | Found a transporter.
  8906 | D:9      | Found a sparkling altar of Nemelex Xobeh.
  8930 | D:9      | Noticed Erolcha
  8955 | D:9      | Killed from afar by Erolcha

Illustrated notes

Levels and vault maps discovered:
D:1:      dpeg_arrival_rooms_with_view, layout_loops_ring,
          shapermc_ecumenical_altar_venn, lexackson_kobold_supper
D:2:      layout_loops_ring
D:3:      layout_basic, cheibriados_altar_1, uniq_natasha, uniq_terence
D:4:      cheibrodos_helix_gallery, layout_loops_ring,
          fedhas_altar_decomposition, gammafunk_ghost_gnarly_gnolls,
          minmay_manual_mess
D:5:      layout_loops_corners, makhleb_altar_promises_db,
          lemuel_temple_firewalk_a, uniq_prince_ribbit1
D:6:      layout_basic, zin_treasury
D:7:      layout_basic, nrook_loot_triangle, minmay_curled_crystal
D:8:      layout_loops_ring, nicolae_uskayaw_en_pointe,
          nicolae_vehumet_altar_sigil, mainiacjoe_overflow_brackets,
          dpeg_oklobed_lair
D:9:      layout_loops_ring, trog_butcher_becter,
          gammafunk_temple_overflow_arena, mainiacjoe_overflow_large_starburst,
          orc_0_dummy, uniq_erolcha

Skill      XL: |  1  2  3  4  5  6  7  8  9 10 |
---------------+-------------------------------+-----
Axes           | 2 3 4 5 7 8 |  8.3
Invocations    | 1 2 |  2.3
Polearms       | 2 6 10 11 | 11.4
Dodging        | 2 3 |  3.2
Fighting       | |  3.0
Armour         | |  2.6
Shields        | |  2.6

Action                   |  1- 3 |  4- 6 |  7- 9 | 10-12 || total
-------------------------+-------+-------+-------+-------++-------
Melee: War axe           |    53 |    81 |    36 |       ||   170
       Spear             |       |       |   209 |    50 ||   259
       Headbutt          |       |       |    38 |    10 ||    48
Invok: Bend Time         |       |       |     1 |       ||     1
  Use: Potion            |       |     3 |     1 |     1 ||     5
       Scroll            |       |     1 |    11 |     2 ||    14
Armor: Scale mail        |    16 |     3 |       |       ||    19
       Chain mail        |       |    30 |    16 |       ||    46
       Plate armour      |       |       |    38 |     5 ||    43
Dodge: Dodged            |    20 |    27 |    34 |     5 ||    86
Block: Buckler           |    11 |    19 |    56 |    11 ||    97
